 Dungeon Crawl Stone Soup version 0.23.1 (webtiles) character file.

Game seed: 11760046223032190071

158 Chiseanne the Sneak (level 5, 0/37 HPs)
             Began as an Octopode Monk on Mar 2, 2019.
             Slain by an orc
             ... wielding a +0 flail
              (8 damage)
             ... on level 3 of the Dungeon.
             The game lasted 00:03:49 (2014 turns).

Chiseanne the Sneak (Octopode Monk)                 Turns: 2014, Time: 00:03:50

Health: 0/37       AC:  1    Str: 10    XL:     5   Next: 39%
Magic:  5/5        EV: 15    Int: 13    God:
Gold:   113        SH:  0    Dex: 15    Spells: 4/4 levels left

rFire    . . .     SeeInvis .   a - +1 spear (freeze)
rCold    . . .     Gourm    .   (no shield)
rNeg     . . .     Faith    .   (helmet restricted)
rPois    .         Spirit   .   (no amulet)
rElec    .         Reflect  .   (no ring)
rCorr    .         Harm     .   (no ring)
MR       .....                  (no ring)
Stlth    ++++......             (no ring)
HPRegen  0.12/turn              (no ring)
MPRegen  0.09/turn              (no ring)
                                (no ring)
                                (no ring)

@: no status effects
A: almost no armour, stealthy swim, amphibious, 8 rings, constrict 8, camouflage
1, gelatinous body 1
a: no special abilities


You were on level 3 of the Dungeon.
You were not hungry.

You visited 1 branch of the dungeon, and saw 4 of its levels.

You collected 113 gold pieces.

Inventory:

Hand Weapons
 a - a +1 spear of freezing (weapon)
Missiles
 c - 88 stones (quivered)
 e - 16 sling bullets
 f - 28 bolts
 l - 62 arrows
Scrolls
 g - a scroll of teleportation
Potions
 d - a potion of curing
 h - a potion of lignification {unknown}
 i - a potion of ambrosia
 j - a potion of brilliance {unknown}
 k - a potion of agility {unknown}
 m - a potion of heal wounds {unknown}
Comestibles
 b - 5 rations
 n - 2 chunks of flesh


   Skills:
 + Level 4.1 Fighting
   Level 3.0 Axes
 + Level 4.1 Dodging
 + Level 4.9 Stealth


You had 4 spell levels left.
You didn't know any spells.
Your spell library was empty.

Dungeon Overview and Level Annotations

Branches:
Dungeon (4/15)
 Temple: D:4-7

Altars:
Ashenzari
Trog


Innate Abilities, Weirdness & Mutations

You cannot wear most types of armour.
You are very stealthy in the water. (Stealth+)
You are amphibious.
You can wear up to eight rings at the same time.
You can use your tentacles to constrict eight enemies at once.
Your skin changes colour to match your surroundings (Stealth+).
Your rubbery body absorbs attacks. (AC +1, EV +1)


Message History

The gnoll is wielding a +0 spear of piercing.
There is a stone staircase leading up here.
There are monsters nearby!
Unknown command.
You barely miss the orc. Your grab misses the orc. Your squeeze misses the orc.
The orc wizard closely misses you.
The orc hits you with a +2 mace of crushing.
You hit the orc. You freeze the orc. You grab the orc.
The orc is almost dead.
You constrict the orc.
You kill the orc!
The orc wizard hits you with a +0 dagger.
The orc wizard casts a spell at you. The magic dart hits you!
The orc wizard misses you.
The gnoll hits you from afar with a +0 spear of piercing.
* * * LOW HITPOINT WARNING * * *
x2 You climb upwards.
The orc closely misses you. The orc hits you with a +0 flail!
You die...

... ...# # ..# #.?.##
#...# #.... #.#.#
#..o# ####.#.# #...#
##......# #r..
........#####.#
#.......##...###
#####.#.....ro@#
..............o.......
...........###.#######
#..#####..####..# #.#
#.......#... #.
##.####.......
###.####..# ..#####
.........## ##..
........##


You could see an orc wizard, an orc and a rat.

Vanquished Creatures
  A centaur (D:2)
  An adder (D:2)
  An ooze (D:1)
  A worm (D:2)
  2 dart slugs
  2 leopard geckos
  An orc (D:4)
  6 bats
  3 giant cockroaches (D:2)
  8 goblins
  4 hobgoblins
  5 jackals
  3 frilled lizards
  8 kobolds
  9 rats
55 creatures vanquished.

Notes
Turn   | Place    | Note
-------+----------+-------------------------------------------
     0 | D:1      | Chiseanne the Octopode Monk began the quest for the Orb.
     0 | D:1      | Reached XP level 1. HP: 16/16 MP: 1/1
   135 | D:1      | Reached XP level 2. HP: 16/21 MP: 2/2
   582 | D:1      | Reached XP level 3. HP: 26/26 MP: 3/3
   967 | D:2      | Noticed a centaur
   976 | D:2      | Killed a centaur
   976 | D:2      | Reached XP level 4. HP: 3/33 MP: 4/4
   976 | D:2      | Reached XP level 5. HP: 4/37 MP: 5/5
  1584 | D:2      | Found a shattered altar of Ashenzari.
  1807 | D:2      | Found a bloodstained altar of Trog.
  2014 | D:3      | Slain by an orc

Skill      XL: |  1  2  3 |
---------------+----------+-----
Stealth        | 3 4 |  4.9
Fighting       | 4 |  4.1
Dodging        | 4 |  4.1
Axes           | |  3.0

Action                   |  1- 3 |  4- 6 || total
-------------------------+-------+-------++-------
Melee: Hand axe          |    39 |       ||    39
       Constrict         |    12 |    16 ||    28
       Tentacles         |    10 |     8 ||    18
       Spear             |    17 |    52 ||    69
  Use: Scroll            |     4 |     2 ||     6
 Stab: Sleeping          |    10 |     5 ||    15
  Eat: Chunk             |       |     3 ||     3
Armor: Skin              |     5 |     2 ||     7
Dodge: Dodged            |    47 |    56 ||   103
